 Dungeon Crawl Stone Soup version 0.32-a0-918-g0f22ef8d61 (webtiles) character file.

Game seed: 7010630548018866378

32 innerfire43 the Twirler (level 3, -8/27 HPs)
             Began as a Demonspawn Wanderer on Apr 10, 2024.
             Mangled by Crazy Yiuf
             ... wielding a +3 quarterstaff of chaos
              (16 damage)
             ... on level 2 of the Dungeon.
             The game lasted 00:01:37 (1380 turns).

innerfire43 the Twirler (Demonspawn Wanderer)       Turns: 1380, Time: 00:01:37

Health: -8/27      AC:  2    Str: 13    XL:     3   Next: 8%
Magic:  4/4        EV: 10    Int: 13    God:
Gold:   68         SH:  0    Dex: 12    Spells: 3/4 levels left

rFire   . . .        g - +0 lajatang
rCold   . . .        (shield currently unavailable)
rNeg    . . .        d - +0 robe
rPois   .            (no helmet)
rElec   .            (no cloak)
rCorr   .            (no gloves)
SInv    .            (no boots)
Will    .....        (no amulet)
Stlth   +            (no ring)
HPRegen 0.24/turn    (no ring)
MPRegen 0.09/turn

%: no passive effects
@: lethally poisoned (-8 -> -13)
A: hooves 2
a: no special abilities


You were on level 2 of the Dungeon.
You visited 1 branch of the dungeon, and saw 2 of its levels.

You collected 68 gold pieces.

Inventory:

Hand Weapons
 a - a +2 quarterstaff
 g - a +0 lajatang (weapon)
Armour
 d - a +0 robe (worn)
Wands
 b - a wand of flame (3)
Scrolls
 c - a scroll of blinking
 e - 2 scrolls of poison {unknown}
 h - a scroll of immolation {unknown}
 j - 2 scrolls of identify {unknown}
 l - 2 scrolls of revelation {unknown}
Potions
 f - a potion of lignification {unknown}
 i - a potion of curing {unknown}
 k - a potion of mutation {unknown}
 m - a potion of enlightenment {unknown}


   Skills:
 + Level 1.7 Fighting
 * Level 3.3 Staves
 + Level 2.2 Armour
 - Level 1.0 Spellcasting
 - Level 2.1 Necromancy
 - Level 1.0 Evocations


You had 3 spell levels left.
You knew the following spells:

 Your Spells              Type           Power      Damage    Failure   Level
a - Necrotise             Necr           24%        1d5       12%         1

Your spell library contained the following spells:

 Spells                   Type           Power      Damage    Failure   Level
 Vampiric Draining        Necr           6%         2d6       34%         3
 Ignite Poison            Fire/Alch      0%         N/A       95%         4
 Sticky Flame             Fire/Alch      0%         2d4       95%         4
 Ignition                 Fire           0%         3d3       100%        8


Dungeon Overview and Level Annotations

Branches:
Dungeon (2/15)

Altars:

Annotations:
D:2 Crazy Yiuf


Innate Abilities, Weirdness & Mutations

You have hoof-like feet.


Message History

You kill the ribbon worm!
No target in view!
A dart slug comes into view.
An endoplasm comes into view.
The dart slug launches a dart at you. The slug dart hits you.
The endoplasm quivers.
You slash the dart slug!
You kill the dart slug!
You have reached level 3!
Your experience leads to an increase in your attributes!
Increase (S)trength, (I)ntelligence, or (D)exterity?
You feel stronger. x2; Your demonic ancestry asserts itself...
Your feet thicken and deform.
You slash the endoplasm!
You kill the endoplasm!
There is a stone staircase leading down here.
There is a stone staircase leading down here.
You see here a frilled lizard skeleton.
Crazy Yiuf shouts!
You open the door. You hit Crazy Yiuf.
Crazy Yiuf is moderately wounded.
Crazy Yiuf laughs, "Gum Hive noodlescoop!"
Crazy Yiuf hits you with a +3 quarterstaff of chaos!
Crazy Yiuf draws strength from your wounds!
You closely miss Crazy Yiuf. You kick Crazy Yiuf.
Crazy Yiuf is moderately wounded.
Crazy Yiuf hits you with a +3 quarterstaff of chaos.
You are poisoned.
You slash Crazy Yiuf! Your kick misses Crazy Yiuf.
Crazy Yiuf is almost dead.
You feel very sick. Crazy Yiuf closely misses you.
You hit Crazy Yiuf but do no damage.
Crazy Yiuf is almost dead.
You feel sick.
Crazy Yiuf hits you with a +3 quarterstaff of chaos!
Ouch! That really hurt!
You die...

.#...# #.# #.##.# #†
.##..# #.###
#.##.############.
.##..# #...#
#.##.........#....
.....# #####
############.#.###
.##.## #.#.# .##.#
♣♣♣♣♣####.#.# .##.#
### ♣♣♣.♣..#.##.#.###
###.##
#÷..#♣..♣......#.#....
.....#####
#...g@♣♣♣♣.......####.
####.....# #)..#♣♣
♣♣.#..#.# #. ##....#
### ♣♣####.# #.
#####....# #.# #.
.......<.# #.# #.
#####....####### #.#
#. ..# #.......÷.^#
#.# #. #.#
###.######.### #.# #.
#.# #.# #.....# #.# #.


You could see Crazy Yiuf.

Vanquished Creatures
  2 dart slugs (D:2)
  A ribbon worm (D:2)
  2 bats (D:1)
  3 endoplasms
  A giant cockroach (D:1)
  2 goblins (D:1)
  4 kobolds
  A quokka (D:2)
  2 ball pythons (D:1)
  4 frilled lizards (D:2)
  3 rats (D:1)
25 creatures vanquished.

Notes
Turn   | Place    | Note
-------+----------+-------------------------------------------
     0 | D:1      | innerfire43 the Demonspawn Wanderer began the quest for the
                  | Orb.
     0 | D:1      | innerfire43 set off with the following items: a +2
                  | quarterstaff, a wand of flame (3), a scroll of blinking, a
                  | +0 robe; and the following spell memorised: Necrotise; and
                  | the following spells available to memorise: Vampiric
                  | Draining.
     0 | D:1      | Reached XP level 1. HP: 15/15 MP: 2/2
   229 | D:1      | Reached skill level 3 in Staves
   270 | D:1      | Gained mutation: You have large cloven feet. [demonic
                  | ancestry]
   270 | D:1      | Reached XP level 2. HP: 2/21 MP: 3/3
  1142 | D:2      | Found a runed translucent door.
  1143 | D:2      | Noticed Crazy Yiuf
  1260 | D:2      | Gained mutation: You have hoof-like feet. [demonic
                  | ancestry]
  1260 | D:2      | Reached XP level 3. HP: 22/27 MP: 4/4
  1380 | D:2      | Mangled by Crazy Yiuf

Illustrated notes

Levels and vault maps discovered:
D:1:      lemuel_arrival_behind_the_door_large, layout_loops_ring
D:2:      layout_loops_ring, uniq_crazy_yiuf_cottage

Skill      XL: |  1 |
---------------+----+-----
Staves         | 3 |  3.3
Armour         | 2 |  2.2
Fighting       | |  1.7
Spellcasting   | |  1.0
Necromancy     | |  2.1
Evocations     | |  1.0

Action                     || total
---------------------------++-------
  Melee: Lajatang          ||    62
         Quarterstaff      ||     6
         Kick              ||     7
   Stab: Sleeping          ||     1
 Armour: Robe              ||    59
  Dodge: Dodged            ||    35

Table legend: (Time is in decaauts)
 A = Elapsed time spent in this place.
 B = Non-inter-level travel time spent in this place.
 C = Inter-level travel time spent in this place.
 D = Time resting spent in this place.
 E = Time spent auto-exploring this place.
 F = Levels seen in this place.
 G = Mean time per level.
                   A        B        C        D        E       F      G
               +--------+--------+--------+--------+--------+-----+--------+
         Total |   1395 |   1334 |     61 |      0 |   1039 |   2 |  697.5 |
       Dungeon |   1395 |   1334 |     61 |      0 |   1039 |   2 |  697.5 |
               +--------+--------+--------+--------+--------+-----+--------+

Top non-repeatable levels by time:
     D:1: 777 daAuts
     D:2: 618 daAuts
